 Dungeon Crawl Stone Soup version 0.20-a0-791-gf6451d4 (webtiles) character file.

5280 Amciq the Ruffian (level 10, -2/98 HPs)
             Began as a Troll Fighter on Mar 1, 2017.
             Was a Believer of Yredelemnul.
             Slain by a four-headed hydra (15 damage)
             ... on level 8 of the Dungeon.
             The game lasted 00:15:47 (5861 turns).

Amciq the Ruffian (Troll Fighter)                   Turns: 5861, Time: 00:15:48

Health: -2/98      AC:  7    Str: 33    XL:     10   Next: 37%
Magic:  12/12      EV: 11    Int:  4    God:    Yredelemnul [**....]
Gold:   419        SH: 11    Dex: 11    Spells: 9/9 levels left

rFire    . . .     SeeInvis .     - Unarmed
rCold    . . .     Gourm    +   a - +0 robe
rNeg     . . .     Faith    .   b - +0 shield
rPois    .         Spirit   .   (helmet restricted)
rElec    .         Reflect  .   (no cloak)
rCorr    .         Harm     .   (gloves unavailable)
MR       .....                  (boots unavailable)
Stlth    +.........             (no amulet)
Regen    0.7/turn               e - +6 ring of strength
MPRegen  0.2/turn               (no ring)

@: about to teleport
A: unfitting armour, claws 3, fangs 1, icy blue scales 1, fast metabolism 3,
gourmand, regeneration 1, shaggy fur 1, tough skin 2
a: Animate Remains, Recall Undead Slaves, Injury Mirror, Renounce Religion


You were on level 8 of the Dungeon.
You worshipped Yredelemnul.
Yredelemnul was pleased with you.
You were not hungry.

You visited 2 branches of the dungeon, and saw 9 of its levels.
You also visited: Sewer.

You collected 419 gold pieces.

Inventory:

Armour
 a - a +0 robe (worn)
 b - a +0 shield (worn)
Jewellery
 e - a +6 ring of strength (right claw)
Wands
 o - a wand of paralysis (5/24)
 r - a wand of acid (5/15)
 w - a wand of scattershot (4/9)
Scrolls
 g - 7 scrolls of teleportation
 i - 2 scrolls of identify
 j - 4 scrolls of amnesia {unknown}
 k - 3 scrolls of remove curse
 l - 4 scrolls of recharging {unknown}
 n - 3 scrolls of immolation {unknown}
 q - 4 scrolls of fear {unknown}
 t - a scroll of magic mapping {unknown}
 v - 2 scrolls of fog {unknown}
 y - a scroll of holy word {unknown}
Potions
 c - 2 potions of might
 p - a potion of resistance
 s - a potion of cancellation {unknown}
 u - a potion of flight {unknown}
 x - 2 potions of heal wounds {unknown}
 z - a potion of magic
 A - a potion of brilliance
 B - a potion of mutation {unknown}
Comestibles
 d - 5 bread rations
 f - 5 meat rations
 h - 7 royal jellies
 C - 14 fruits


   Skills:
 + Level 6.0 Fighting
 + Level 5.3 Armour
 + Level 5.9 Dodging
 + Level 6.0 Shields
 + Level 6.9 Unarmed Combat
 + Level 4.1 Invocations


You had 9 spell levels left.
You didn't know any spells.

Dungeon Overview and Level Annotations

Branches:
Dungeon (8/15)             Temple (1/1) D:4            Lair (0/6) D:8

Altars:
Cheibriados
Dithmenos
Fedhas
Hepliaklqana
Makhleb
Nemelex Xobeh
Okawaru
Qazlal
Xom
Yredelemnul
Zin


Innate Abilities, Weirdness & Mutations

You are too large for most types of armour.
You have claws for hands.
Your metabolism is lightning-fast.
You like to eat raw meat.
Your natural rate of healing is unusually fast.
You are covered in fur. (AC +1)
You have very tough skin. (AC +2)
You have very sharp teeth.
You are partially covered in icy blue scales. (AC +2)


Message History

You enter the shallow water.
Moving in this stuff is going to be slow.
The four-headed hydra bites you!
You block the four-headed hydra's attack.
The four-headed hydra bites you!
* * * LOW HITPOINT WARNING * * *
The four-headed hydra bites you.
* * * LOW HITPOINT WARNING * * *
You see here a yak skeleton.
You see here 2 stones.
As you read the scroll of teleportation, it crumbles to dust.
You feel strangely unstable.
You block the four-headed hydra's attack.
The four-headed hydra bites you!
* * * LOW HITPOINT WARNING * * *
You block the four-headed hydra's attack.
The four-headed hydra barely misses you.
The four-headed hydra bites you!
You die...
Your body rises from the dead as a mindless zombie.

#.....# #......#. #..>..#
#...)..#.
#.....######......##
#...................
#...................
##########.........######..
#..#.....#.........# #..
#..'....≈#.........# #..
#..'..PK.#@........# #.>
#..'....÷D.........######..
#.)#.....#######+###....#..
#)##P≈P.≈# ........#..
#%.#≈≈≈≈P# ........#..
#.)+.P≈PP# ..##....#..
########## # #....#<.
#....#.. +....'..


You could see a four-headed hydra.

Vanquished Creatures
  Erica (D:8)
  A two-headed ogre (D:8)
  The ghost of Amciq the Fighter, a novice HOFi of Yredelemnul (D:7)
  Pikel (D:5)
  The ghost of smazza the Firebug, a novice GrFE (D:6)
  The ghost of smazza the Cutter, an amateur HaSk (Sewer)
  A yak (D:8)
  An orc warrior (D:7)
  An ice beast (D:5)
  2 sky beasts
  2 centaurs
  2 ogres (D:7)
  3 big kobolds
  A bullfrog (D:5)
  2 scorpions
  4 wights (D:6)
  A crimson imp (D:7)
  A centaur zombie (D:6)
  2 hounds
  4 jellies
  4 iguanas
  Natasha (twice) (D:4)
  An orc wizard (D:7)
  9 worker ants
  A hound skeleton (D:5)
  A worker ant zombie (D:5)
  7 gnolls
  10 adders
  A river rat (Sewer)
  A shadow imp (D:7)
  4 oozes
  2 worms (Sewer)
  A dart slug (D:1)
  5 leopard geckos
  12 orcs
  3 ball pythons
  7 bats
  4 giant cockroaches
  13 goblins
  3 hobgoblins (D:1)
  7 jackals
  5 quokkas
  8 frilled lizards
  15 kobolds
  10 rats
169 creatures vanquished.

Vanquished Creatures (collateral kills)
  2 dream sheep (D:8)
  A yak (D:8)
  A big kobold (D:8)
4 creatures vanquished.

Vanquished Creatures (others)
  A human zombie (D:8)
  2 big kobold zombies (D:8)
  2 kobold zombies (D:7)
  An orc skeleton (D:7)
  2 orc zombies (D:7)
8 creatures vanquished.

Grand Total: 181 creatures vanquished

Notes
Turn   | Place    | Note
-------+----------+-------------------------------------------
     0 | D:1      | Amciq the Troll Fighter began the quest for the Orb.
     0 | D:1      | Reached XP level 1. HP: 22/22 MP: 0/0
   132 | D:1      | Reached XP level 2. HP: 29/29 MP: 1/1
   416 | D:1      | Reached XP level 3. HP: 36/36 MP: 2/2
   930 | D:2      | Reached skill level 1 in Armour
  1348 | D:3      | Noticed a sky beast
  1355 | D:3      | Reached XP level 4. HP: 45/45 MP: 3/3
  1360 | D:3      | Killed a sky beast
  1360 | D:3      | Reached XP level 5. HP: 37/53 MP: 4/4
  1467 | D:3      | Found a glowing drain.
  1488 | Sewer    | Entered a sewer
  1524 | Sewer    | Noticed smazza's ghost (amateur HaSk)
  1564 | Sewer    | Killed smazza's ghost
  1564 | Sewer    | Reached XP level 6. HP: 36/61 MP: 5/5
  2112 | D:4      | Reached XP level 7. HP: 64/68 MP: 6/6
  2193 | D:4      | Noticed Natasha
  2199 | D:4      | Killed Natasha
  2476 | D:4      | Found a staircase to the Ecumenical Temple.
  2481 | Temple   | Entered the Ecumenical Temple
  2578 | Temple   | Became a worshipper of Yredelemnul the Dark
  2634 | D:4      | Noticed Natasha
  2638 | D:4      | Killed Natasha
  3002 | D:5      | Entered Level 5 of the Dungeon
  3075 | D:5      | Found a shimmering altar of Xom.
  3226 | D:5      | Reached XP level 8. HP: 79/79 MP: 7/7
  3504 | D:5      | Noticed Pikel
  3511 | D:5      | Killed Pikel
  3701 | D:6      | Reached skill level 5 in Unarmed Combat
  3741 | D:6      | Noticed smazza's ghost (novice GrFE)
  3755 | D:6      | Killed smazza's ghost
  3755 | D:6      | Reached skill level 5 in Fighting
  3755 | D:6      | Reached skill level 5 in Shields
  3755 | D:6      | Reached skill level 1 in Invocations
  3755 | D:6      | Reached XP level 9. HP: 35/88 MP: 7/9
  3843 | D:6      | Reached * piety under Yredelemnul
  4415 | D:7      | Reached skill level 5 in Dodging
  4528 | D:7      | Noticed Amciq's ghost (novice HOFi)
  4554 | D:7      | HP: 3/132 [Amciq's ghost (11)]
  4556 | D:7      | Killed Amciq's ghost
  5180 | D:7      | Gained mutation: You have very sharp teeth. [mutagenic meat]
  5181 | D:7      | Gained mutation: You are partially covered in icy blue scales. (AC +2) [mutagenic meat]
  5389 | D:8      | Found a staircase to the Lair.
  5426 | D:8      | Noticed Erica
  5436 | D:8      | Killed Erica
  5436 | D:8      | Reached ** piety under Yredelemnul
  5436 | D:8      | Reached XP level 10. HP: 13/98 MP: 11/11
  5438 | D:8      | Reached skill level 5 in Armour
  5441 | D:8      | HP: 7/147 [poisoned by Erica (bolt of poison)]
  5446 | D:8      | HP: 7/147 [poisoned by Erica (bolt of poison)]
  5659 | D:8      | Noticed a two-headed ogre
  5671 | D:8      | Killed a two-headed ogre
  5842 | D:8      | Noticed a two-headed hydra
  5854 | D:8      | Your ally Erica died
  5861 | D:8      | Slain by a four-headed hydra

Vault maps used:
D:1:      minmay_arrival_semitransparent
D:2:      first_bread
D:3:      portal_sewer_entry_d
D:4:      minmay_temple_entry_nine_rooms, minmay_crystal_water,
          minmay_strange_pillars, uniq_natasha
D:5:      dk_xom_monty_hall, uniq_pikel
D:8:      cheibrodos_ashenzari_chains, lair_entry_dummy, hangedman_ranch,
          uniq_erica
Temple:   roderic_octagonal_lattice_temple
Sewer:    sewer_co_15_rooms

Skill      XL: |  1  2  3  4  5  6  7  8  9 10 |
---------------+-------------------------------+-----
Armour         | 1 2 3 4 5 |  5.3
Fighting       | 3 4 5 6 |  6.0
Shields        | 3 4 5 6 |  6.0
Dodging        | 3 4 5 |  5.9
Unarmed Combat | 3 4 5 6 |  6.9
Invocations    | 1 3 4 |  4.1

Action                   |  1- 3 |  4- 6 |  7- 9 | 10-12 || total
-------------------------+-------+-------+-------+-------++-------
Melee: Unarmed           |   137 |   141 |   237 |    39 ||   554
       Bite              |       |       |     1 |     9 ||    10
Invok: Animate Remains   |       |       |     7 |     3 ||    10
  Use: Scroll            |     2 |     1 |     5 |     1 ||     9
       Potion            |       |       |     4 |       ||     4
 Stab: Sleeping          |     2 |       |       |       ||     2
       Distracted        |       |       |     1 |       ||     1
  Eat: Chunk             |    12 |    11 |    24 |     6 ||    53
       Meat ration       |       |       |     1 |       ||     1
       Royal jelly       |       |       |     1 |       ||     1
       Fruit             |       |       |       |     1 ||     1
Armor: Robe              |    48 |    27 |    38 |     2 ||   115
       Skin              |       |       |     3 |     2 ||     5
Dodge: Dodged            |    56 |    45 |    78 |    15 ||   194
Block: Shield            |    66 |    51 |   102 |    22 ||   241
